 Dungeon Crawl Stone Soup version 0.20-a0-266-gdedccd6 (webtiles) character file.

338 LORDOFBUTT the Shield-Bearer (level 6, -12/47 HPs)
             Began as a Formicid Fighter on Dec 6, 2016.
             Killed by divine providence
             ... invoked by an orc priest
              (13 damage)
             ... on level 3 of the Dungeon.
             The game lasted 00:02:36 (1426 turns).

LORDOFBUTT the Shield-Bearer (Formicid Fighter)     Turns: 1426, Time: 00:02:36

Health: -12/47     AC:  6    Str: 25    XL:     6   Next: 85%
Magic:  6/6        EV:  7    Int:  8    God:
Gold:   179        SH: 16    Dex: 12    Spells: 5/5 levels left

rFire  . . .     SeeInvis +     a - +0 war axe
rCold  . . .     Gourm    .     b - +0 scale mail
rNeg   . . .     Faith    .     u - +0 large shield
rPois  .         Spirit   .     (helmet unavailable)
rElec  .         Reflect  .     (no cloak)
rCorr  .         Harm     .     (no gloves)
MR     .....                    (no boots)
Stlth  ..........               (no amulet)
                                (no ring)
                                (no ring)

@: mighty
A: permanent stasis, dig shafts and tunnels, four strong arms, antennae 3
a: Dig, Shaft Self


You were on level 3 of the Dungeon.
You were hungry.

You visited 1 branch of the dungeon, and saw 4 of its levels.

You collected 179 gold pieces.

Inventory:

Hand Weapons
 a - a +0 war axe (weapon)
Armour
 b - a +0 scale mail (worn)
 c - a +0 shield
 u - a +0 large shield (worn)
Jewellery
 e - an uncursed ring of resist corrosion {unknown}
 i - an uncursed ring of fire {unknown}
 o - a +6 ring of evasion {unknown}
 w - an uncursed ring of fire {unknown}
Scrolls
 d - a scroll of amnesia {unknown}
 g - 3 scrolls of blinking {unknown}
 h - 2 scrolls of remove curse {unknown}
 k - 5 scrolls of identify {unknown}
 l - a scroll of enchant armour {unknown}
 p - 2 scrolls of fog {unknown}
 r - a scroll of magic mapping {unknown}
 v - a scroll of enchant weapon {unknown}
 z - a scroll of noise {unknown}
Potions
 j - a potion of flight {unknown}
 m - a potion of mutation {unknown}
 q - a potion of heal wounds {unknown}
 s - 2 potions of might
 t - a potion of degeneration {unknown}
 x - 2 potions of agility {unknown}
Books
 y - a book of Necromancy

   Spells                             Type                      Level
   a - Pain                           Necromancy                   1
   b - Animate Skeleton               Necromancy                   1
   c - Vampiric Draining              Necromancy                   3
   d - Regeneration                   Charms/Necromancy            3
   e - Animate Dead                   Necromancy                   4
   f - Control Undead                 Necromancy                   4
Comestibles
 f - 2 bread rations
 n - a meat ration


   Skills:
 - Level 3.2 Fighting
 * Level 5.0 Axes
 - Level 3.2 Armour
 * Level 6.5 Shields


You had 5 spell levels left.
You didn't know any spells.

Dungeon Overview and Level Annotations

Branches:
Dungeon (4/15)
 Temple: D:4-7

Altars:
Dithmenos
Elyvilon
Hepliaklqana
Qazlal
Uskayaw
Xom
Zin
The Shining One


Innate Abilities, Weirdness & Mutations

You cannot be hasted, slowed, berserked, paralysed or teleported.
You can dig through walls and to a lower floor.
Your four strong arms can wield two-handed weapons with a shield.
You have a pair of large antennae on your head. (SInv)


Message History

The orc priest barely misses you.
Things that are here:
a morningstar; a leather armour You closely miss the orc priest.
The orc priest is severely wounded.
You block the orc priest's attack.
You slash the orc priest!
You kill the orc priest!
Your Axes skill increases to level 5!
The orc priest miscasts a cantrip.
The orc priest invokes the aid of Beogh against you.
Pain shoots through your body!
* * * LOW HITPOINT WARNING * * *
You slash the orc!
You kill the orc!
You hit the orc priest. You block the orc priest's attack.
You block the orc priest's attack.
The orc priest calls down the wrath of Beogh upon you.
Beogh smites you!
You die...

.. ##† .#. #. ##.
#.# #. #.. # #.# #.
#.. #.#.# #.# ####..
.#.# #.######.....
..# #.....†......
#o# #..#####....>
#@# #.....#####..
#)# #...†.#####..
#.#o####............
#........#....######
###.....##.....##
#.####...)....#
...............#
#########.......#
##.....##


You could see 2 orc priests.

Vanquished Creatures
  Sigmund (D:2)
  An orc priest (D:3)
  An iguana (D:4)
  Ijyb (D:3)
  2 adders
  2 oozes
  3 worms
  A dart slug (D:2)
  3 leopard geckos
  2 orcs (D:3)
  8 bats
  6 giant cockroaches
  5 goblins
  3 hobgoblins
  6 jackals (D:1)
  4 kobolds
  A quokka (D:2)
  2 frilled lizards
  7 rats
59 creatures vanquished.

Notes
Turn   | Place    | Note
-------+----------+-------------------------------------------
     0 | D:1      | LORDOFBUTT the Formicid Fighter began the quest for the Orb.
     0 | D:1      | Reached XP level 1. HP: 18/18 MP: 1/1
   104 | D:1      | Reached XP level 2. HP: 21/24 MP: 2/2
   106 | D:1      | Reached skill level 4 in Shields
   332 | D:1      | Reached XP level 3. HP: 19/29 MP: 3/3
   476 | D:2      | Noticed Sigmund
   482 | D:2      | Killed Sigmund
   482 | D:2      | Reached skill level 5 in Shields
   482 | D:2      | Reached XP level 4. HP: 5/35 MP: 4/4
   482 | D:2      | Reached XP level 5. HP: 6/41 MP: 5/5
   482 | D:2      | Reached XP level 6. HP: 7/47 MP: 6/6
   483 | D:2      | Reached skill level 6 in Shields
   883 | D:2      | Found a shimmering altar of Xom.
   946 | D:2      | Found a hide-covered altar of Uskayaw.
   947 | D:2      | Found a shadowy altar of Dithmenos.
   947 | D:2      | Found a stormy altar of Qazlal.
   949 | D:2      | Found a glowing golden altar of the Shining One.
   949 | D:2      | Found a white marble altar of Elyvilon.
   953 | D:2      | Found a glowing silver altar of Zin.
   953 | D:2      | Found a hazy altar of Hepliaklqana.
  1093 | D:2      | You fall through a shaft for 2 floors!
  1371 | D:3      | Noticed Ijyb
  1389 | D:3      | Killed Ijyb
  1421 | D:3      | HP: 2/47 [orc priest/divine providence (11)]
  1424 | D:3      | Reached skill level 5 in Axes
  1426 | D:3      | Killed from afar by an orc priest

Vault maps used:
D:1:      scummos_arrival_gate
D:2:      grunt_temple_overflow_open, lemuel_crystal_altar, first_bread,
          uniq_sigmund
D:3:      uniq_grinder, uniq_robin, uniq_terence, uniq_iyjb
D:4:      yredelemnul_altar_generic, kennysheep_generic_room_5,
          uniq_crazy_yiuf_cottage

Skill      XL: |  1  2  3  4  5  6 |
---------------+-------------------+-----
Shields        | 4 5 6 |  6.5
Axes           | 4 5 |  5.0
Fighting       | |  3.2
Armour         | |  3.2

Action                   |  1- 3 |  4- 6 || total
-------------------------+-------+-------++-------
Melee: War axe           |    49 |   107 ||   156
  Use: Potion            |     1 |     1 ||     2
  Eat: Chunk             |       |     1 ||     1
Armor: Scale mail        |    25 |    30 ||    55
Dodge: Dodged            |    24 |    27 ||    51
Block: Shield            |    32 |    35 ||    67
       Large shield      |       |    58 ||    58
